 Dungeon Crawl Stone Soup version 0.28-a0-664-gc179e30c89 (webtiles) character file.

Game seed: 6432404193180204040

3505 IndexError the Frost Mage (level 10, -1/69 (74) HPs)
             Began as a Gnoll Ice Elementalist on Oct 15, 2021.
             Was an Initiate of Ashenzari.
             Slain by a wolf (9 damage)
             ... led by Grum
             ... on level 8 of the Dungeon.
             The game lasted 00:18:59 (9146 turns).

IndexError the Frost Mage (Gnoll Ice Elementalist)  Turns: 9146, Time: 00:19:00

HP:   -1/69 (74)    AC:  5    Str:  8    XL:     10   Next: 7%
MP:   0/21          EV: 14    Int: 17    God:    Ashenzari [......]
Gold: 404           SH:  0    Dex: 13    Spells: 17/24 levels left

rFire   + . .      SeeInvis .   a - +4 rapier (drain)
rCold   . . .      Faith    .   (no shield)
rNeg    . . .      Spirit   +   f - +0 robe
rPois   .          Reflect  .   r - +0 hat
rElec   .          Harm     .   (no cloak)
rCorr   .          Rampage  .   s - +2 pair of gloves "Bound Seer" {Self, Fort} (curse)
Will    .....                   (no boots)
Stlth   +++.......              k - amulet of guardian spirit {Spirit}
HPRegen 0.21/turn               q - ring of protection from fire {rF+, !d}
MPRegen 0.17/turn               (no ring)

@: drained
A: fangs 1, strong nose, distributed training
a: Renounce Religion, Curse Item, Shatter the Chains


You were on level 8 of the Dungeon.
You worshipped Ashenzari.
Ashenzari was noncommittal.
You visited 1 branch of the dungeon, and saw 8 of its levels.
You also visited: Ossuary.

You collected 404 gold pieces.

Inventory:

Hand Weapons
 a - a +4 rapier of draining (weapon)
   (You acquired it on level 6 of the Dungeon)
 b - a +0 hunting sling of freezing
   (You took it off a kobold on level 2 of the Dungeon)
Missiles
 m - 6 atropa-tipped darts
 n - 180 stones (quivered)
 p - 2 datura-tipped darts
 t - 2 throwing nets {=f, !d}
Armour
 f - a +0 robe (worn)
 r - a +0 hat (worn)
   (You found it on level 4 of the Dungeon)
 s - the cursed +2 pair of gloves "Bound Seer" (worn) {Self, Fort}
   (You found it on level 4 of the Dungeon)

   It has a curse which improves the following skills: Introspection: Fighting
   and Spellcasting.
   Fortitude: Armour and Shields.
Jewellery
 k - an amulet of guardian spirit (around neck) {Spirit}
   (You took it off a hobgoblin on level 3 of the Dungeon)
 q - a ring of protection from fire (left hand) {rF+, !d}
   (You found it on level 4 of the Dungeon)
 y - a ring of protection from cold {rC+, !d}
   (You found it in an ossuary)
Wands
 u - a wand of acid (7)
   (You found it on level 4 of the Dungeon)
Scrolls
 c - 3 scrolls of teleportation
 e - 2 scrolls of enchant armour
 j - a scroll of amnesia
 o - 6 scrolls of fog
 D - a scroll of blinking {!r}
 E - 2 scrolls of magic mapping {!r}
Potions
 d - a potion of magic
 g - 2 potions of mutation {!q}
 h - 4 potions of brilliance
 i - 2 potions of berserk rage {!q}
 l - a potion of haste
 v - 2 potions of heal wounds
 w - 5 potions of curing
 x - a potion of might
 z - 2 potions of ambrosia
 A - a potion of flight
 B - 3 potions of invisibility
 C - a potion of cancellation


   Skills:
 + Level 4.9(5.4) Fighting
 + Level 4.9 Short Blades
 + Level 4.9 Long Blades
 + Level 4.9 Axes
 + Level 4.9 Maces & Flails
 + Level 4.9 Polearms
 + Level 4.9 Staves
 + Level 4.9 Slings
 + Level 4.9 Bows
 + Level 4.9 Crossbows
 + Level 4.9 Throwing
 + Level 4.9(5.4) Armour
 + Level 6.8 Dodging
 + Level 6.5 Stealth
 + Level 4.9(5.4) Shields
 + Level 4.9 Unarmed Combat
 + Level 7.1(7.6) Spellcasting
 + Level 4.0 Conjurations
 + Level 4.0 Hexes
 + Level 4.0 Summonings
 + Level 4.0 Necromancy
 + Level 4.0 Translocations
 + Level 4.0 Transmutations
 + Level 4.0 Fire Magic
 + Level 8.3 Ice Magic
 + Level 4.0 Air Magic
 + Level 4.0 Earth Magic
 + Level 4.0 Poison Magic
 + Level 5.4 Invocations
 + Level 4.9 Evocations


You had 17 spell levels left.
You knew the following spells:

 Your Spells              Type           Power      Damage    Failure   Level
a - Freeze                Ice            100%       1d11      1%          1
b - Frozen Ramparts       Ice            68%        1d8       1%          3
A - Ozocubu's Armour      Ice            34%        N/A       1%          3

Your spell library contained the following spells:

 Spells                   Type           Power      Damage    Failure   Level
 Animate Skeleton         Necr           40%        N/A       1%          1
 Apportation              Tloc           40%        N/A       1%          1
 Summon Small Mammal      Summ           80%        N/A       1%          1
 Slow                     Hex            20%        N/A       3%          2
 Sublimation of Blood     Necr           10%        N/A       3%          2
 Wereblood                Tmut           20%        N/A       3%          2
 Confusing Touch          Hex            20%        N/A       6%          3
 Dazzling Flash           Conj/Hex       40%        N/A       6%          3
 Gell's Gravitas          Tloc           10%        N/A       6%          3
 Lesser Beckoning         Tloc           20%        N/A       6%          3
 Teleport Other           Tloc           20%        N/A       6%          3
 Vampiric Draining        Necr           10%        2d7       6%          3
 Hailstorm                Conj/Ice       27%        3d7       9%          4
 Iskenderun's Mystic Bla  Conj/Tloc      20%        2d6       21%         4
 Starburst                Conj/Fire      10%        6d5       97%         6
 Summon Hydra             Summ           10%        N/A       100%        7


Dungeon Overview and Level Annotations

Branches:
Dungeon (8/15)             Temple (0/1) D:5         Ossuary (visited)
   Lair: D:8-11

Altars:
Ashenzari
Elyvilon
Fedhas
Qazlal
Vehumet
Xom
Yredelemnul
Zin

Annotations:
D:6 1 runed translucent door, TimeIsEndless's ghost, novice OpCj
D:8 Grum


Innate Abilities, Weirdness & Mutations

You have very sharp teeth.
Your uncanny sense of smell can sniff out nearby items.
Your experience applies equally to all skills.


Message History

You hit the wight. The wight misses you.
You closely miss the wight. The wight hits you with a +3 war axe.
You feel drained.
You take 1 damage, and have 60/66 hp.
You completely miss the wight. The wight hits you with a +3 war axe.
You take 5 damage, and have 55/66 hp.
You now have 11/21 mp.
You hit the wight. You bite the wight, but do no damage.
The wight hits you with a +3 war axe.
You take 3 damage, and have 52/66 hp.
You hit the wight but do no damage. Your bite misses the wight.
The wight hits you with a +3 war axe.
You take 2 damage, and have 50/66 hp.
You now have 11/21 mp.
Casting: Frozen Ramparts (safe; 1% risk of failure)
Confirm with . or Enter, or press ? or * to list all spells.
Casting: Frozen Ramparts (safe; 1% risk of failure)
Press: ? - help, Dir - look around, f - activate The walls around you are covered in ice.
The wight completely resists.
The wall freezes the wight but does no damage.
The wight hits you with a +3 war axe.
You feel drained.
You take 1 damage, and have 49/64 hp.
You now have 8/21 mp.
You closely miss the wight.
The wight resists.
The wall freezes the wight.
The wight barely misses you.
You barely miss the wight.
The wight resists.
The wall freezes the wight.
The wight hits you with a +3 war axe!
You take 10 damage, and have 39/64 hp.
You now have 6/21 mp.
You barely miss the wight. Your bite misses the wight.
The wight resists.
The wall freezes the wight.
The wight hits you but does no damage.
You hit the wight.
Your icy armour cracks and falls away as you move.
The frozen ramparts melt away as you move.
Things that are here:
a +3 war axe; a +0 robe
Things that are here:
a +3 war axe; a +0 robe A wolf comes into view.
You regained 3 hp, and now have 43/65 hp.
You regained 2 mp, and now have 9/21 mp.
Casting: Frozen Ramparts (safe; 1% risk of failure)
Confirm with . or Enter, or press ? or * to list all spells.
A film of ice covers your body!
You now have 6/21 mp.
Casting: Ozocubu's Armour (safe; 1% risk of failure)
Confirm with . or Enter, or press ? or * to list all spells.
Casting: Frozen Ramparts (safe; 1% risk of failure)
Press: ? - help, Dir - look around, f - activate The walls around you are covered in ice.
You now have 3/21 mp.
The wall freezes the wolf. x2
The wall freezes the wolf.
The wolf completely misses you.
Grum the Hunter comes into view.
He is wielding a +1 spear.
The wall freezes the wolf.
The wolf barely misses you.
You miss the wolf.
A wolf comes into view.
The wall freezes the wolf.
The wolf closely misses you.
You barely miss the wolf.
The wolf howls!
The wall freezes the wolf.
The wolf bites you.
The wall freezes the wolf.
The wolf barely misses you.
You take 1 damage, and have 43/65 hp.
Grum growls angrily.
You hit the wolf. You drain the wolf.
You hear a shout!
Grum points his finger and growls, "Attack!"
Your icy armour and frozen ramparts will break if you move.
Continue?
Your icy armour cracks and falls away as you move.
The frozen ramparts melt away as you move.
The wolf bites you.
You take 1 damage, and have 43/69 hp.
The wolf barely misses you. The wolf misses you. The wolf misses you.
You hit the wolf. The wolf misses you.
An orc priest comes into view. It is wielding a +0 hand axe.
You barely miss the wolf. The wolf misses you. The wolf closely misses you.
Grum hits you from afar with a +1 spear!!
You take 18 damage, and have 25/69 hp.
MASSIVE DAMAGE!!
You now have 3/21 mp.
Casting: Frozen Ramparts (safe; 1% risk of failure)
Confirm with . or Enter, or press ? or * to list all spells.
A film of ice covers your body!
The orc priest shouts!
You hear a shout! x2
The wolf bites you.
* * * LOW HITPOINT WARNING * * *
Grum hits you from afar with a +1 spear!
* * * LOW HITPOINT WARNING * * *
The wolf misses you.
You take 17 damage, and have 8/69 hp.
MASSIVE DAMAGE!!
You now have 0/21 mp.
Casting: Ozocubu's Armour (safe; 1% risk of failure)
Confirm with . or Enter, or press ? or * to list all spells.
You don't have enough magic to cast this spell.
Unknown command.
Casting: Ozocubu's Armour (safe; 1% risk of failure)
Confirm with . or Enter, or press ? or * to list all spells.
You don't have enough magic to cast this spell.
Unknown command.
Your icy armour will break if you move.
Continue?
Your icy armour cracks and falls away as you move.
The orc priest casts a cantrip, but nothing happens.
You see here a +0 whip.
The wolf bites you!
You die...

#......o# ###.....#
#####...##
##..##...###.#
#............#
#...g).......#
###.##...##..#
#.)h#...# ###
#.P@#...# #...#...#
##########)##...#####
#........#.##...##..##
#.#####.##.##.#####..#
#.#...###...###...#..#
#...P....._.)...P.)..#
###...###...###...#.##
##### ##.## #####.#


You could see a wolf.

Vanquished Creatures
  Prince Ribbit (D:5)
  Grinder (D:5)
  A wyvern (D:4)
  Menkaure (Ossuary)
  2 black bears
  2 sky beasts
  An ice beast (D:5)
  4 ogres
  2 necrophages (D:8)
  A wolf (D:8)
  A centaur (D:7)
  A kobold brigand (D:8)
  A bullfrog (D:6)
  4 scorpions
  A wyvern zombie (D:8)
  A troll zombie (Ossuary)
  4 wights (D:8)
  2 bullfrog zombies
  3 centaur zombies
  5 orc priests
  A human zombie (Ossuary)
  A hound (D:5)
  A jelly (D:5)
  A gnoll shaman (D:7)
  A centaur skeleton (D:5)
  Ijyb (D:5)
  2 iguanas (D:5)
  4 orc wizards
  A killer bee zombie (D:7)
  3 ogre zombies (Ossuary)
  7 mummies
  9 gnolls
  2 adders (D:2)
  3 white imps
  4 adder zombies (Ossuary)
  An adder skeleton (D:4)
  4 dart slugs
  A worm (D:4)
  17 orcs
  2 ball pythons
  2 bats
  3 endoplasms
  4 giant cockroaches
  3 goblins
  6 hobgoblins
  2 jackals (D:5)
  4 quokkas
  A frilled lizard (D:1)
  5 goblin zombies (Ossuary)
  3 hobgoblin zombies (Ossuary)
  5 kobolds
  3 kobold zombies (Ossuary)
  6 quokka zombies (Ossuary)
  2 rats
  3 rat zombies (Ossuary)
157 creatures vanquished.

Vanquished Creatures (others)
  An orc wizard (D:3)
  5 withered plants (D:8)
6 creatures vanquished.

Grand Total: 163 creatures vanquished

Notes
Turn   | Place    | Note
-------+----------+-------------------------------------------
     0 | D:1      | IndexError the Gnoll Ice Elementalist began the quest for
                  | the Orb.
     0 | D:1      | Reached XP level 1. HP: 13/13 MP: 6/6
    50 | D:1      | You fall into a shaft and drop 1 floor!
   124 | D:2      | Reached XP level 2. HP: 20/20 MP: 4/7
   316 | D:1      | Reached XP level 3. HP: 25/25 MP: 7/9
   400 | D:1      | Reached skill level 5 in Spellcasting
   789 | D:2      | Learned a level 3 spell: Frozen Ramparts
   793 | D:2      | Learned a level 3 spell: Ozocubu's Armour
   870 | D:2      | Reached skill level 1 in Invocations
  1073 | D:2      | Reached skill level 1 in Fighting
  1073 | D:2      | Reached skill level 1 in Short Blades
  1073 | D:2      | Reached skill level 1 in Long Blades
  1073 | D:2      | Reached skill level 1 in Axes
  1073 | D:2      | Reached skill level 1 in Maces & Flails
  1073 | D:2      | Reached skill level 1 in Polearms
  1073 | D:2      | Reached skill level 1 in Staves
  1073 | D:2      | Reached skill level 1 in Slings
  1073 | D:2      | Reached skill level 1 in Bows
  1073 | D:2      | Reached skill level 1 in Crossbows
  1073 | D:2      | Reached skill level 1 in Throwing
  1073 | D:2      | Reached skill level 1 in Armour
  1073 | D:2      | Reached skill level 1 in Shields
  1073 | D:2      | Reached skill level 1 in Unarmed Combat
  1073 | D:2      | Reached skill level 1 in Evocations
  1120 | D:2      | Noticed a scorpion
  1132 | D:2      | Killed a scorpion
  1133 | D:2      | Reached skill level 1 in Conjurations
  1133 | D:2      | Reached skill level 1 in Hexes
  1133 | D:2      | Reached skill level 1 in Summonings
  1133 | D:2      | Reached skill level 1 in Necromancy
  1133 | D:2      | Reached skill level 1 in Translocations
  1133 | D:2      | Reached skill level 1 in Transmutations
  1133 | D:2      | Reached skill level 1 in Fire Magic
  1133 | D:2      | Reached skill level 1 in Air Magic
  1133 | D:2      | Reached skill level 1 in Earth Magic
  1133 | D:2      | Reached skill level 1 in Poison Magic
  1133 | D:2      | Reached XP level 4. HP: 32/32 MP: 1/11
  1716 | D:2      | Reached XP level 5. HP: 15/37 MP: 8/12
  1932 | D:3      | Noticed an ogre
  1943 | D:3      | Killed an ogre
  1944 | D:3      | Reached skill level 2 in Invocations
  1944 | D:3      | Reached XP level 6. HP: 21/44 MP: 3/13
  2493 | D:3      | Found a faded altar of an unknown god.
  2513 | D:3      | Reached skill level 5 in Dodging
  2879 | D:3      | Found a stormy altar of Qazlal.
  2883 | D:3      | Found a blossoming altar of Fedhas.
  3099 | D:3      | Found a glowing silver altar of Zin.
  3235 | D:4      | Reached skill level 2 in Fighting
  3235 | D:4      | Reached skill level 2 in Short Blades
  3235 | D:4      | Reached skill level 2 in Long Blades
  3235 | D:4      | Reached skill level 2 in Axes
  3235 | D:4      | Reached skill level 2 in Maces & Flails
  3235 | D:4      | Reached skill level 2 in Polearms
  3235 | D:4      | Reached skill level 2 in Staves
  3235 | D:4      | Reached skill level 2 in Slings
  3235 | D:4      | Reached skill level 2 in Bows
  3235 | D:4      | Reached skill level 2 in Crossbows
  3235 | D:4      | Reached skill level 2 in Throwing
  3235 | D:4      | Reached skill level 2 in Armour
  3235 | D:4      | Reached skill level 2 in Shields
  3235 | D:4      | Reached skill level 2 in Unarmed Combat
  3235 | D:4      | Reached skill level 2 in Evocations
  3736 | D:4      | Found a broken altar of Ashenzari.
  3748 | D:4      | Became a worshipper of Ashenzari the Shackled
  4048 | D:4      | Reached XP level 7. HP: 36/50 MP: 4/15
  4313 | D:5      | Entered Level 5 of the Dungeon
  4348 | D:5      | Noticed a wyvern
  4354 | D:4      | Killed a wyvern
  4355 | D:4      | Reached skill level 5 in Stealth
  4355 | D:4      | Reached skill level 2 in Conjurations
  4355 | D:4      | Reached skill level 2 in Hexes
  4355 | D:4      | Reached skill level 2 in Summonings
  4355 | D:4      | Reached skill level 2 in Necromancy
  4355 | D:4      | Reached skill level 2 in Translocations
  4355 | D:4      | Reached skill level 2 in Transmutations
  4355 | D:4      | Reached skill level 2 in Fire Magic
  4355 | D:4      | Reached skill level 2 in Air Magic
  4355 | D:4      | Reached skill level 2 in Earth Magic
  4355 | D:4      | Reached skill level 2 in Poison Magic
  4449 | D:5      | Reached skill level 3 in Invocations
  4509 | D:5      | Noticed Prince Ribbit
  4532 | D:5      | Killed Prince Ribbit
  4533 | D:5      | Reached skill level 3 in Fighting
  4533 | D:5      | Reached skill level 3 in Short Blades
  4533 | D:5      | Reached skill level 3 in Long Blades
  4533 | D:5      | Reached skill level 3 in Axes
  4533 | D:5      | Reached skill level 3 in Maces & Flails
  4533 | D:5      | Reached skill level 3 in Polearms
  4533 | D:5      | Reached skill level 3 in Staves
  4533 | D:5      | Reached skill level 3 in Slings
  4533 | D:5      | Reached skill level 3 in Bows
  4533 | D:5      | Reached skill level 3 in Crossbows
  4533 | D:5      | Reached skill level 3 in Throwing
  4533 | D:5      | Reached skill level 3 in Armour
  4533 | D:5      | Reached skill level 3 in Shields
  4533 | D:5      | Reached skill level 3 in Unarmed Combat
  4533 | D:5      | Reached skill level 3 in Evocations
  4533 | D:5      | Reached XP level 8. HP: 23/58 MP: 1/16
  4893 | D:5      | Reached skill level 6 in Spellcasting
  5103 | D:5      | Found a shimmering altar of Xom.
  5110 | D:5      | Noticed Grinder
  5294 | D:5      | Killed Grinder
  5295 | D:5      | Reached skill level 6 in Dodging
  5295 | D:5      | Reached skill level 3 in Conjurations
  5295 | D:5      | Reached skill level 3 in Hexes
  5295 | D:5      | Reached skill level 3 in Summonings
  5295 | D:5      | Reached skill level 3 in Necromancy
  5295 | D:5      | Reached skill level 3 in Translocations
  5295 | D:5      | Reached skill level 3 in Transmutations
  5295 | D:5      | Reached skill level 3 in Fire Magic
  5295 | D:5      | Reached skill level 3 in Air Magic
  5295 | D:5      | Reached skill level 3 in Earth Magic
  5295 | D:5      | Reached skill level 3 in Poison Magic
  5295 | D:5      | Reached skill level 4 in Invocations
  5300 | D:5      | Noticed Ijyb
  5307 | D:5      | Killed Ijyb
  5308 | D:5      | Reached XP level 9. HP: 38/65 MP: 7/18
  5560 | D:5      | Found a staircase to the Ecumenical Temple.
  5616 | D:6      | Found a runed translucent door.
  5707 | D:6      | Found a sand-covered staircase.
  5714 | Ossuary  | Entered an ossuary
  5920 | Ossuary  | Reached skill level 4 in Fighting
  5920 | Ossuary  | Reached skill level 4 in Short Blades
  5920 | Ossuary  | Reached skill level 4 in Long Blades
  5920 | Ossuary  | Reached skill level 4 in Axes
  5920 | Ossuary  | Reached skill level 4 in Maces & Flails
  5920 | Ossuary  | Reached skill level 4 in Polearms
  5920 | Ossuary  | Reached skill level 4 in Staves
  5920 | Ossuary  | Reached skill level 4 in Slings
  5920 | Ossuary  | Reached skill level 4 in Bows
  5920 | Ossuary  | Reached skill level 4 in Crossbows
  5920 | Ossuary  | Reached skill level 4 in Throwing
  5920 | Ossuary  | Reached skill level 4 in Armour
  5920 | Ossuary  | Reached skill level 4 in Shields
  5920 | Ossuary  | Reached skill level 4 in Unarmed Combat
  5920 | Ossuary  | Reached skill level 4 in Evocations
  6182 | Ossuary  | Noticed Menkaure
  6922 | Ossuary  | Killed Menkaure
  6923 | Ossuary  | Reached skill level 6 in Stealth
  6923 | Ossuary  | Reached skill level 8 in Ice Magic
  6960 | Ossuary  | Identified a scroll of acquirement
  7009 | D:6      | Acquired a +4 rapier of draining
  7064 | D:6      | Noticed TimeIsEndless's ghost (novice OpCj)
  7236 | D:6      | Found a basalt altar of Yredelemnul.
  7751 | D:7      | Found a radiant altar of Vehumet.
  8529 | D:8      | Found a white marble altar of Elyvilon.
  8567 | D:8      | Reached skill level 5 in Invocations
  8817 | D:8      | Reached skill level 7 in Spellcasting
  8821 | D:8      | Reached skill level 4 in Conjurations
  8821 | D:8      | Reached skill level 4 in Hexes
  8821 | D:8      | Reached skill level 4 in Summonings
  8821 | D:8      | Reached skill level 4 in Necromancy
  8821 | D:8      | Reached skill level 4 in Translocations
  8821 | D:8      | Reached skill level 4 in Transmutations
  8821 | D:8      | Reached skill level 4 in Fire Magic
  8821 | D:8      | Reached skill level 4 in Air Magic
  8821 | D:8      | Reached skill level 4 in Earth Magic
  8821 | D:8      | Reached skill level 4 in Poison Magic
  8821 | D:8      | Reached XP level 10. HP: 27/74 MP: 7/21
  9133 | D:8      | Noticed Grum
  9144 | D:8      | HP: 8/69 [Grum (12)]
  9146 | D:8      | Slain by a wolf

Illustrated notes

Levels and vault maps discovered:
D:1:      shiori_arrival_oz, layout_rooms
D:2:      layout_rooms, bh_walls_and_bars
D:3:      layout_loops_corners, grunt_temple_overflow_forces_of_nature,
          zin_treasury, ebering_ecumenical_altar_abandoned
D:4:      layout_rooms, overflow_temple_1_default
D:5:      layout_rooms, mainiacjoe_overflow_concentric_impassable,
          minmay_temple_entry_proselytizer, uniq_ijyb, uniq_prince_ribbit1,
          uniq_grinder
D:6:      layout_loops_cross, general_overflow_altar, gup_ossuary_entry_pyramid,
          ebering_ghost_sewer_d
D:7:      layout_basic, mainiacjoe_overflow_paths, uniq_menkaure
D:8:      layout_gridville, elyvilon_altar_1, tgw_kikubaaqudgha,
          kennysheep_mini_moat, serial_undead, serial_undead_f, serial_undead_f,
          serial_undead_d, serial_undead_e, serial_undead_d, serial_undead_a,
          uniq_grum

Skill      XL: |  1  2  3  4  5  6  7  8  9 |
---------------+----------------------------+-----
Spellcasting   | 5 6 7 |  7.1
Invocations    | 1 2 3 4 5 |  5.4
Fighting       | 1 2 3 4 |  4.9
Short Blades   | 1 2 3 4 |  4.9
Long Blades    | 1 2 3 4 |  4.9
Axes           | 1 2 3 4 |  4.9
Maces & Flails | 1 2 3 4 |  4.9
Polearms       | 1 2 3 4 |  4.9
Staves         | 1 2 3 4 |  4.9
Slings         | 1 2 3 4 |  4.9
Bows           | 1 2 3 4 |  4.9
Crossbows      | 1 2 3 4 |  4.9
Throwing       | 1 2 3 4 |  4.9
Armour         | 1 2 3 4 |  4.9
Shields        | 1 2 3 4 |  4.9
Unarmed Combat | 1 2 3 4 |  4.9
Evocations     | 1 2 3 4 |  4.9
Conjurations   | 1 2 3 4 |  4.0
Hexes          | 1 2 3 4 |  4.0
Summonings     | 1 2 3 4 |  4.0
Necromancy     | 1 2 3 4 |  4.0
Translocations | 1 2 3 4 |  4.0
Transmutations | 1 2 3 4 |  4.0
Fire Magic     | 1 2 3 4 |  4.0
Air Magic      | 1 2 3 4 |  4.0
Earth Magic    | 1 2 3 4 |  4.0
Poison Magic   | 1 2 3 4 |  4.0
Dodging        | 5 6 |  6.8
Stealth        | 5 6 |  6.5
Ice Magic      | 8 |  8.3

Action                   |  1- 3 |  4- 6 |  7- 9 | 10-12 || total
-------------------------+-------+-------+-------+-------++-------
Melee: Unarmed           |     4 |       |       |       ||     4
       Bite              |     1 |     2 |    55 |     1 ||    59
       Dagger            |     7 |    40 |   352 |       ||   399
       Punch             |       |     1 |     7 |       ||     8
       Rapier            |       |       |    95 |    36 ||   131
 Fire: Hunting sling     |       |       |    40 |       ||    40
 Cast: Freeze            |    33 |    21 |     5 |       ||    59
       Ozocubu's Armour  |     2 |     6 |    28 |     5 ||    41
       Frozen Ramparts   |     1 |     6 |    38 |     5 ||    50
Invok: Curse Item        |       |       |     1 |       ||     1
Evoke: Wand              |       |       |    10 |       ||    10
  Use: Scroll            |       |       |     5 |       ||     5
 Stab: Sleeping          |     3 |     4 |    28 |       ||    35
       Distracted        |       |     1 |       |       ||     1
Armor: Robe              |     9 |    12 |   151 |     3 ||   175
Dodge: Dodged            |    17 |    28 |   308 |    25 ||   378

Table legend: (Time is in decaauts)
 A = Elapsed time spent in this place.
 B = Non-inter-level travel time spent in this place.
 C = Inter-level travel time spent in this place.
 D = Time resting spent in this place.
 E = Time spent auto-exploring this place.
 F = Levels seen in this place.
 G = Mean time per level.
                   A        B        C        D        E       F      G
               +--------+--------+--------+--------+--------+-----+--------+
         Total |   9083 |   8293 |    790 |     45 |   6636 |   9 | 1009.2 |
       Dungeon |   7844 |   7054 |    790 |     45 |   5799 |   8 |  980.5 |
       Ossuary |   1239 |   1239 |      0 |      0 |    837 |   1 | 1239.0 |
               +--------+--------+--------+--------+--------+-----+--------+

Top non-repeatable levels by time:
     D:3: 1542 daAuts
     D:2: 1501 daAuts
 Ossuary: 1239 daAuts
     D:5: 1196 daAuts
     D:4: 844 daAuts
     D:6: 810 daAuts
     D:7: 787 daAuts
     D:8: 626 daAuts
     D:1: 536 daAuts

Table legend:
 A = Kills in this place as a percentage of kills in entire the game.
 B = Kills by you in this place as a percentage of kills by you in the entire game.
 C = Kills by friends in this place as a percentage of kills by friends in the entire game.
 D = Other kills in this place as a percentage of other kills in the entire game.
 E = Experience gained in this place as a percentage of experience gained in the entire game.
 F = Experience gained in this place divided by the number of levels of this place that you have seen.
                   A       B       C       D       E      F
               +-------+-------+-------+-------+-------+----------------------
         Total | 100.0 | 100.0 |   N/A | 100.0 | 100.0 | 556.4
       Dungeon |  76.6 |  76.4 |   N/A | 100.0 |  88.9 | 556.4
       Ossuary |  23.4 |  23.6 |   N/A |   0.0 |  11.1 | 557.0
               +-------+-------+-------+-------+-------+----------------------
